[ AOE2 MATCH · #465425285 ]
Team RMTeutons vs Chinese
[ REPLAY ANALYSIS · EXTRACTED FROM THE RECORDED GAME ]
Feudal
11:54
Castle
15:31
Imperial
31:38
| APM avg | 24.1 |
| APM peak | 75 |
| eAPM avg | 13.3 |
| Villagers / military | 106 / 297 |
Focus
⚔️ 33.7% · 🌾 66.3%
Spearman ×151 · Knight ×92 · Militia ×26 · Teutonic Knight ×13 · Scout Cavalry ×5 · Mangonel ×3
Feudal
10:44
Castle
16:01
Imperial
34:04
| APM avg | 27.1 |
| APM peak | 60 |
| eAPM avg | 21.3 |
| Villagers / military | 161 / 916 |
Focus
⚔️ 41.4% · 🌾 58.6%
Spearman ×473 · Fire Lancer ×264 · Chu Ko Nu ×92 · Scorpion ×76 · Iron Pagoda ×7 · Trebuchet (Packed) ×4
Feudal
12:11
Castle
16:04
Imperial
30:12
| APM avg | 34.9 |
| APM peak | 76 |
| eAPM avg | 24.4 |
| Villagers / military | 141 / 286 |
Focus
⚔️ 37.8% · 🌾 62.2%
Spearman ×163 · Unknown (882) ×113 · Skirmisher ×51 · Organ Gun ×50 · Mangonel ×13 · Bombard Cannon ×6
Feudal
13:12
Castle
19:54
Imperial
27:10
| APM avg | 16.1 |
| APM peak | 45 |
| eAPM avg | 11.4 |
| Villagers / military | 117 / 234 |
Focus
⚔️ 20.3% · 🌾 79.7%
Knight ×220 · Trade Cart ×51 · War Elephant ×7 · Bombard Cannon ×7
Feudal
10:25
Castle
18:07
Imperial
29:19
| APM avg | 24.5 |
| APM peak | 43 |
| eAPM avg | 15.2 |
| Villagers / military | 83 / 173 |
Focus
⚔️ 33.9% · 🌾 66.1%
Hand Cannoneer ×105 · Genoese Crossbowman ×60 · Trade Cart ×9 · Trebuchet (Packed) ×7 · Monk ×1
Feudal
—
Castle
—
Imperial
—
| APM avg | 25.1 |
| APM peak | 63 |
| eAPM avg | 13.4 |
| Villagers / military | 146 / 185 |
Focus
⚔️ 52.0% · 🌾 48.0%
Skirmisher ×56 · Scorpion ×43 · Spearman ×43 · Berserk ×31 · Trebuchet (Packed) ×8 · Mangonel ×4
Feudal
11:21
Castle
16:31
Imperial
34:24
| APM avg | 41.4 |
| APM peak | 77 |
| eAPM avg | 16.3 |
| Villagers / military | 90 / 203 |
Focus
⚔️ 37.0% · 🌾 63.0%
Mangudai ×128 · Skirmisher ×46 · Steppe Lancer ×16 · Trebuchet (Packed) ×5 · Spearman ×4 · Battering Ram ×3
Feudal
11:34
Castle
15:31
Imperial
37:21
| APM avg | 25.6 |
| APM peak | 97 |
| eAPM avg | 8.4 |
| Villagers / military | 85 / 93 |
Focus
⚔️ 34.0% · 🌾 66.0%
Knight ×82 · Conquistador ×7 · Mangonel ×3 · Spearman ×1
Match map
Initial resources + every placement click. Lines = walls · curves = elevation contours. ◆ gold · ⬟ stone · ● berries · ✦ relic · ◌ wall gap
Your base· ✓ Closed at 15:31 · 0t walls · 2 gate(s)
EruSan's base· ✓ Closed at 16:01 · 0t walls · 3 gate(s)
xandercheto's base· ✓ Closed at 16:04 · 0t walls · 2 gate(s)
God Ganesh's base· ✓ Closed at 19:54 · 0t walls · 2 gate(s)
Jotal1308's base· ✓ Closed at 18:07 · 0t walls · 3 gate(s)
DavidxGabriel's base· ✓ Closed at 17:58 · 0t walls · 3 gate(s)
Arcturus's base· ✓ Closed at 16:31 · 0t walls · 3 gate(s)
Roy's base· ✓ Closed at 15:31 · 0t walls · 2 gate(s)
Smoothed initial terrain · ◌ = detected wall gap · hover for details
Inputs per minute
— mrdava_99 - - EruSan
Build order — mrdava_99
First 150 of 346 actions detected
| 0:02 | Create | Villager (Male) |
| 0:03 | Create | Villager (Male) |
| 0:03 | Create | Villager (Male) |
| 0:03 | Create | Villager (Male) |
| 0:04 | Create | Villager (Male) |
| 0:07 | Build | House |
| 0:11 | Build | House |
| 1:28 | Create | Villager (Male) |
| 1:51 | Build | Lumber Camp |
| 1:56 | Create | Villager (Male) |
| 1:57 | Create | Villager (Male) |
| 2:38 | Create | Villager (Male) |
| 2:38 | Create | Villager (Male) |
| 3:00 | Create | Villager (Male) |
| 3:01 | Create | Villager (Male) |
| 3:16 | Create | Villager (Male) |
| 3:54 | Create | Villager (Male) |
| 3:55 | Create | Villager (Male) |
| 3:58 | Build | House |
| 4:26 | Create | Villager (Male) |
| 4:26 | Create | Villager (Male) |
| 4:27 | Create | Villager (Male) |
| 5:21 | Create | Villager (Male) |
| 5:21 | Create | Villager (Male) |
| 5:22 | Create | Villager (Male) |
| 5:22 | Create | Villager (Male) |
| 5:47 | Build | House |
| 6:21 | Create | Villager (Male) |
| 7:14 | Create | Villager (Male) |
| 7:14 | Create | Villager (Male) |
| 7:15 | Create | Villager (Male) |
| 7:15 | Create | Villager (Male) |
| 7:15 | Create | Villager (Male) |
| 7:47 | Build | Mill |
| 8:51 | Create | Villager (Male) |
| 8:52 | Create | Villager (Male) |
| 8:56 | Build | House |
| 9:30 | Build | Mining Camp |
| 9:40 | Research | Feudal Age |
| 9:49 | Create | Villager (Male) |
| 9:50 | Create | Villager (Male) |
| 9:55 | Build | Farm |
| 9:57 | Build | Farm |
| 11:54 | Age | Feudal Age |
| 11:58 | Build | Blacksmith |
| 12:04 | Build | Market |
| 12:38 | Build | Farm |
| 12:51 | Research | Castle Age |
| 12:51 | Research | Castle Age |
| 12:52 | Research | Castle Age |
| 12:56 | Build | Farm |
| 13:07 | Build | Barracks |
| 14:17 | Build | Lumber Camp |
| 14:41 | Build | Stable |
| 14:46 | Build | House |
| 15:27 | Research | Double-Bit Axe |
| 15:31 | Age | Castle Age |
| 15:51 | Build | Monastery |
| 15:52 | Create | Villager (Male) |
| 15:52 | Create | Villager (Male) |
| 16:15 | Create | Knight ×4 |
| 16:15 | Create | Knight ×4 |
| 16:15 | Create | Knight ×4 |
| 16:27 | Create | Villager (Male) |
| 16:28 | Create | Villager (Male) |
| 16:35 | Build | Town Center |
| 16:39 | Create | Monk |
| 16:40 | Create | Monk |
| 16:45 | Create | Militia ×5 |
| 16:45 | Create | Militia ×5 |
| 16:50 | Build | Barracks |
| 17:20 | Create | Spearman |
| 17:32 | Build | Farm |
| 17:37 | Build | House |
| 17:46 | Research | Man-at-Arms (upgrade) |
| 17:50 | Create | Spearman |
| 17:50 | Create | Spearman |
| 18:11 | Build | House |
| 18:15 | Build | Farm |
| 18:18 | Create | Villager (Male) |
| 18:19 | Create | Villager (Male) |
| 18:20 | Create | Villager (Male) |
| 18:25 | Build | Farm |
| 19:01 | Build | Farm |
| 19:05 | Build | Farm |
| 19:06 | Create | Villager (Male) |
| 19:09 | Research | Loom |
| 19:18 | Create | Villager (Male) |
| 19:18 | Create | Villager (Male) |
| 19:30 | Build | Siege Workshop |
| 19:36 | Create | Villager (Male) |
| 19:43 | Create | Villager (Male) |
| 19:50 | Build | Farm |
| 20:21 | Build | Farm |
| 20:23 | Build | Farm |
| 20:34 | Create | Battering Ram |
| 20:45 | Build | Farm |
| 20:49 | Build | Farm |
| 20:50 | Build | Farm |
| 20:51 | Create | Villager (Male) |
| 20:59 | Create | Villager (Male) |
| 20:59 | Create | Villager (Male) |
| 21:21 | Create | Militia ×3 |
| 21:21 | Create | Militia ×3 |
| 21:29 | Build | House |
| 21:36 | Build | Town Center |
| 21:37 | Create | Villager (Male) |
| 21:48 | Build | House |
| 21:49 | Build | House |
| 21:49 | Build | House |
| 22:18 | Create | Battering Ram |
| 22:20 | Create | Mangonel |
| 22:26 | Create | Villager (Male) |
| 22:27 | Create | Villager (Male) |
| 22:27 | Create | Villager (Male) |
| 22:32 | Create | Villager (Male) |
| 22:35 | Build | Lumber Camp |
| 23:10 | Create | Villager (Male) |
| 23:11 | Create | Villager (Male) |
| 23:12 | Create | Villager (Male) |
| 23:15 | Build | Farm |
| 23:25 | Build | Farm |
| 23:29 | Build | House |
| 23:29 | Build | House |
| 23:30 | Build | House |
| 23:31 | Create | Villager (Male) |
| 23:32 | Create | Villager (Male) |
| 23:33 | Create | Villager (Male) |
| 23:39 | Build | Farm |
| 24:08 | Create | Mangonel |
| 24:20 | Build | Farm |
| 24:23 | Build | Farm |
| 24:34 | Create | Scout Cavalry |
| 24:34 | Create | Scout Cavalry |
| 24:35 | Create | Scout Cavalry |
| 24:35 | Create | Scout Cavalry |
| 24:38 | Create | Scout Cavalry |
| 24:46 | Create | Mangonel |
| 24:56 | Create | Villager (Male) |
| 24:59 | Create | Villager (Male) |
| 25:28 | Research | Forging |
| 26:01 | Build | Farm |
| 26:02 | Create | Villager (Male) |
| 26:03 | Create | Villager (Male) |
| 26:07 | Create | Villager (Male) |
| 26:12 | Build | House |
| 26:12 | Build | House |
| 26:39 | Create | Villager (Male) |
| 26:46 | Build | Farm |
| 27:39 | Create | Villager (Male) |
Build order — EruSan
First 150 of 680 actions detected
| 0:19 | Build | Lumber Camp |
| 0:56 | Create | Villager (Male) |
| 0:57 | Create | Villager (Male) |
| 1:33 | Create | Villager (Male) |
| 1:58 | Create | Villager (Male) |
| 2:17 | Create | Villager (Male) |
| 2:17 | Create | Villager (Male) |
| 2:41 | Create | Villager (Male) |
| 3:14 | Create | Villager (Male) |
| 3:15 | Create | Villager (Male) |
| 3:20 | Build | Mill |
| 3:41 | Create | Villager (Male) |
| 3:41 | Create | Villager (Male) |
| 3:53 | Build | House |
| 3:57 | Create | Villager (Male) |
| 4:23 | Create | Villager (Male) |
| 4:23 | Create | Villager (Male) |
| 4:37 | Build | House |
| 4:56 | Create | Villager (Male) |
| 5:08 | Build | House |
| 5:14 | Create | Villager (Male) |
| 5:49 | Create | Villager (Male) |
| 6:02 | Build | Farm |
| 6:17 | Create | Villager (Male) |
| 6:31 | Create | Villager (Male) |
| 6:40 | Create | Villager (Male) |
| 6:45 | Build | Farm |
| 7:12 | Build | Farm |
| 7:25 | Create | Villager (Male) |
| 7:55 | Create | Villager (Male) |
| 8:28 | Build | Farm |
| 8:31 | Create | Villager (Male) |
| 8:34 | Research | Feudal Age |
| 8:58 | Build | Farm |
| 9:08 | Build | Farm |
| 9:17 | Create | Villager (Male) |
| 10:01 | Build | Mining Camp |
| 10:44 | Age | Feudal Age |
| 11:07 | Create | Villager (Male) |
| 11:40 | Build | Market |
| 11:51 | Create | Villager (Male) |
| 12:26 | Create | Villager (Male) |
| 12:55 | Build | Blacksmith |
| 12:56 | Create | Villager (Male) |
| 13:18 | Research | Castle Age |
| 13:34 | Build | Farm |
| 13:35 | Build | Farm |
| 13:38 | Research | Double-Bit Axe |
| 13:42 | Research | Horse Collar |
| 13:59 | Build | Farm |
| 14:12 | Build | Farm |
| 14:23 | Research | Gold Mining |
| 14:26 | Create | Villager (Male) |
| 16:01 | Age | Castle Age |
| 16:05 | Build | Town Center |
| 16:08 | Create | Villager (Male) |
| 16:19 | Research | Bow Saw |
| 16:20 | Research | Heavy Plow |
| 16:22 | Research | Gold Shaft Mining |
| 16:28 | Research | Stone Mining |
| 16:35 | Create | Villager (Male) |
| 17:07 | Research | Wheelbarrow |
| 17:08 | Research | Wheelbarrow |
| 17:17 | Create | Villager (Male) |
| 17:18 | Create | Villager (Male) |
| 17:19 | Create | Villager (Male) |
| 17:33 | Create | Villager (Male) |
| 17:45 | Build | Town Center |
| 17:49 | Create | Villager (Male) |
| 17:56 | Build | Farm |
| 17:58 | Create | Villager (Male) |
| 18:05 | Create | Villager (Male) |
| 18:08 | Create | Villager (Male) |
| 18:12 | Build | Farm |
| 18:35 | Create | Villager (Male) |
| 18:40 | Build | Farm |
| 18:41 | Build | Farm |
| 18:49 | Create | Villager (Male) |
| 19:03 | Build | House |
| 19:15 | Research | Gold Shaft Mining |
| 19:19 | Create | Villager (Male) |
| 19:37 | Create | Villager (Male) |
| 19:37 | Create | Villager (Male) |
| 19:50 | Create | Villager (Male) |
| 19:50 | Create | Villager (Male) |
| 19:55 | Build | Farm |
| 19:59 | Build | Farm |
| 20:03 | Build | Farm |
| 20:10 | Build | Farm |
| 20:19 | Build | Farm |
| 20:20 | Create | Villager (Male) |
| 20:20 | Create | Villager (Male) |
| 20:31 | Build | Farm |
| 20:33 | Create | Villager (Male) |
| 20:54 | Create | Villager (Male) |
| 21:02 | Create | Villager (Male) |
| 21:03 | Create | Villager (Male) |
| 21:07 | Create | Villager (Male) |
| 21:20 | Create | Villager (Male) |
| 21:30 | Create | Villager (Male) |
| 21:32 | Create | Villager (Male) |
| 21:45 | Research | Fletching |
| 22:10 | Create | Villager (Male) |
| 22:10 | Create | Villager (Male) |
| 22:12 | Create | Villager (Male) |
| 22:15 | Create | Villager (Male) |
| 22:26 | Create | Villager (Male) |
| 22:26 | Create | Villager (Male) |
| 22:43 | Create | Villager (Male) |
| 22:44 | Create | Villager (Male) |
| 23:01 | Create | Villager (Male) |
| 23:22 | Create | Villager (Male) |
| 23:23 | Create | Villager (Male) |
| 23:23 | Create | Villager (Male) |
| 23:34 | Create | Villager (Male) |
| 23:34 | Create | Villager (Male) |
| 23:59 | Build | Castle |
| 24:07 | Create | Villager (Male) |
| 24:14 | Build | House |
| 24:15 | Build | House |
| 24:17 | Build | House |
| 24:18 | Build | House |
| 24:22 | Build | House |
| 24:23 | Build | House |
| 24:25 | Build | House |
| 24:26 | Build | House |
| 24:27 | Build | House |
| 24:28 | Build | House |
| 24:30 | Create | Villager (Male) |
| 24:31 | Create | Villager (Male) |
| 24:31 | Create | Villager (Male) |
| 24:32 | Create | Villager (Male) |
| 24:32 | Create | Villager (Male) |
| 24:32 | Create | Villager (Male) |
| 25:05 | Build | Castle |
| 25:09 | Create | Villager (Male) |
| 25:09 | Create | Villager (Male) |
| 25:16 | Create | Villager (Male) |
| 25:17 | Create | Villager (Male) |
| 25:17 | Create | Villager (Male) |
| 25:31 | Build | Mill |
| 25:33 | Build | Farm |
| 25:34 | Build | Farm |
| 25:34 | Build | Farm |
| 25:35 | Build | Farm |
| 25:35 | Build | Farm |
| 25:36 | Build | Farm |
| 25:36 | Build | Farm |
| 26:16 | Research | Hand Cart |
| 26:18 | Create | Villager (Male) |
Build order — xandercheto
First 150 of 723 actions detected
| 0:01 | Create | Villager (Male) |
| 0:01 | Create | Villager (Male) |
| 0:02 | Create | Villager (Male) |
| 0:02 | Create | Villager (Male) |
| 0:02 | Create | Villager (Male) |
| 0:05 | Build | House |
| 0:08 | Build | House |
| 1:26 | Create | Villager (Male) |
| 1:27 | Create | Villager (Male) |
| 1:27 | Create | Villager (Male) |
| 1:49 | Build | Lumber Camp |
| 1:53 | Create | Villager (Male) |
| 1:53 | Create | Villager (Male) |
| 1:53 | Create | Villager (Male) |
| 2:23 | Create | Villager (Male) |
| 2:23 | Create | Villager (Male) |
| 2:53 | Create | Villager (Male) |
| 2:53 | Create | Villager (Male) |
| 3:18 | Create | Villager (Male) |
| 3:19 | Create | Villager (Male) |
| 3:36 | Create | Villager (Male) |
| 3:36 | Create | Villager (Male) |
| 3:54 | Build | House |
| 3:59 | Build | House |
| 4:06 | Create | Villager (Male) |
| 4:06 | Create | Villager (Male) |
| 4:07 | Create | Villager (Male) |
| 4:30 | Create | Villager (Male) |
| 4:31 | Create | Villager (Male) |
| 4:41 | Build | Mill |
| 4:50 | Create | Villager (Male) |
| 4:50 | Create | Villager (Male) |
| 4:50 | Create | Villager (Male) |
| 5:30 | Create | Villager (Male) |
| 5:30 | Create | Villager (Male) |
| 5:47 | Create | Villager (Male) |
| 5:47 | Create | Villager (Male) |
| 6:26 | Create | Villager (Male) |
| 6:26 | Create | Villager (Male) |
| 6:35 | Create | Villager (Male) |
| 6:35 | Create | Villager (Male) |
| 6:36 | Create | Villager (Male) |
| 6:57 | Create | Villager (Male) |
| 7:30 | Create | Villager (Male) |
| 7:30 | Create | Villager (Male) |
| 7:30 | Create | Villager (Male) |
| 7:30 | Create | Villager (Male) |
| 8:09 | Build | House |
| 8:17 | Create | Villager (Male) |
| 9:10 | Build | Lumber Camp |
| 9:18 | Research | Feudal Age |
| 9:44 | Build | Farm |
| 9:48 | Build | Farm |
| 9:55 | Build | Farm |
| 10:12 | Build | Mining Camp |
| 10:20 | Build | Farm |
| 10:46 | Build | Farm |
| 11:35 | Create | Villager (Male) |
| 11:35 | Create | Villager (Male) |
| 11:51 | Build | Mining Camp |
| 12:11 | Age | Feudal Age |
| 12:14 | Build | Market |
| 12:20 | Build | Blacksmith |
| 12:45 | Build | Farm |
| 13:24 | Research | Castle Age |
| 13:24 | Research | Castle Age |
| 13:24 | Research | Castle Age |
| 13:24 | Research | Castle Age |
| 13:24 | Research | Castle Age |
| 13:24 | Research | Castle Age |
| 13:24 | Research | Castle Age |
| 13:50 | Research | Double-Bit Axe |
| 13:50 | Research | Double-Bit Axe |
| 13:55 | Research | Horse Collar |
| 13:55 | Research | Horse Collar |
| 14:19 | Build | Farm |
| 15:02 | Build | House |
| 15:06 | Build | House |
| 15:07 | Build | House |
| 15:12 | Research | Gold Mining |
| 15:15 | Research | Stone Mining |
| 16:04 | Age | Castle Age |
| 16:09 | Build | Town Center |
| 16:17 | Build | Town Center |
| 16:20 | Research | Loom |
| 16:21 | Research | Wheelbarrow |
| 16:22 | Create | Villager (Male) |
| 16:29 | Build | House |
| 16:32 | Build | House |
| 16:32 | Build | House |
| 16:33 | Build | House |
| 16:57 | Build | Farm |
| 17:20 | Research | Bow Saw |
| 17:20 | Research | Bow Saw |
| 17:20 | Research | Bow Saw |
| 17:27 | Create | Villager (Male) |
| 17:28 | Create | Villager (Male) |
| 17:38 | Build | Farm |
| 17:42 | Build | Farm |
| 17:48 | Build | Farm |
| 17:52 | Create | Villager (Male) |
| 17:55 | Create | Villager (Male) |
| 18:02 | Create | Villager (Male) |
| 18:02 | Create | Villager (Male) |
| 18:29 | Create | Villager (Male) |
| 18:30 | Create | Villager (Male) |
| 18:38 | Build | Farm |
| 18:43 | Create | Villager (Male) |
| 18:45 | Create | Villager (Male) |
| 18:54 | Build | House |
| 18:55 | Build | House |
| 18:57 | Build | House |
| 19:08 | Create | Villager (Male) |
| 19:18 | Build | Farm |
| 19:19 | Build | Farm |
| 19:19 | Build | Farm |
| 19:33 | Build | Castle |
| 19:40 | Create | Villager (Male) |
| 19:40 | Create | Villager (Male) |
| 19:47 | Create | Villager (Male) |
| 20:01 | Create | Villager (Male) |
| 20:01 | Create | Villager (Male) |
| 20:07 | Create | Villager (Male) |
| 20:07 | Create | Villager (Male) |
| 20:14 | Build | Farm |
| 20:15 | Build | Farm |
| 20:15 | Build | Farm |
| 20:23 | Create | Villager (Male) |
| 20:24 | Create | Villager (Male) |
| 20:47 | Create | Villager (Male) |
| 20:50 | Create | Villager (Male) |
| 20:50 | Create | Villager (Male) |
| 21:03 | Create | Villager (Male) |
| 21:03 | Create | Villager (Male) |
| 21:15 | Create | Villager (Male) |
| 21:15 | Create | Villager (Male) |
| 21:19 | Create | Villager (Male) |
| 21:19 | Create | Villager (Male) |
| 21:44 | Build | Farm |
| 21:47 | Build | Farm |
| 21:48 | Build | Farm |
| 21:48 | Build | Farm |
| 21:49 | Build | Farm |
| 21:49 | Build | Farm |
| 21:53 | Create | Villager (Male) |
| 21:55 | Create | Villager (Male) |
| 21:59 | Create | Villager (Male) |
| 22:00 | Create | Villager (Male) |
| 22:00 | Create | Villager (Male) |
| 22:12 | Build | Town Center |
Build order — God Ganesh
First 150 of 389 actions detected
| 0:12 | Build | House |
| 0:25 | Research | Loom |
| 0:25 | Create | Villager (Male) ×5 |
| 0:26 | Create | Villager (Male) ×5 |
| 0:38 | Build | House |
| 0:39 | Build | House |
| 0:41 | Build | House |
| 0:43 | Build | House |
| 0:46 | Build | House |
| 0:48 | Build | House |
| 0:49 | Build | House |
| 0:50 | Build | House |
| 0:52 | Build | House |
| 1:59 | Create | Villager (Male) |
| 1:59 | Create | Villager (Male) |
| 2:33 | Create | Villager (Male) |
| 2:33 | Create | Villager (Male) |
| 3:05 | Create | Villager (Male) |
| 3:05 | Create | Villager (Male) |
| 3:34 | Create | Villager (Male) |
| 3:35 | Create | Villager (Male) |
| 3:35 | Create | Villager (Male) |
| 4:21 | Create | Villager (Male) |
| 4:21 | Create | Villager (Male) |
| 4:33 | Create | Villager (Male) |
| 4:33 | Create | Villager (Male) |
| 5:45 | Create | Villager (Male) |
| 5:45 | Create | Villager (Male) |
| 5:45 | Create | Villager (Male) |
| 5:46 | Create | Villager (Male) |
| 5:46 | Create | Villager (Male) |
| 6:40 | Create | Villager (Male) |
| 6:40 | Create | Villager (Male) |
| 6:41 | Create | Villager (Male) |
| 6:41 | Create | Villager (Male) |
| 6:41 | Create | Villager (Male) |
| 6:41 | Create | Villager (Male) |
| 7:31 | Create | Villager (Male) |
| 7:31 | Create | Villager (Male) |
| 7:31 | Create | Villager (Male) |
| 7:31 | Create | Villager (Male) |
| 8:06 | Create | Villager (Male) ×2 |
| 9:25 | Build | Lumber Camp |
| 9:39 | Build | Mill |
| 10:28 | Build | Mining Camp |
| 10:57 | Research | Feudal Age |
| 12:26 | Create | Villager (Male) |
| 12:26 | Create | Villager (Male) |
| 12:26 | Create | Villager (Male) |
| 12:27 | Create | Villager (Male) |
| 12:28 | Create | Villager (Male) |
| 13:12 | Age | Feudal Age |
| 13:15 | Research | Horse Collar |
| 13:32 | Build | Farm |
| 13:33 | Build | Farm |
| 13:33 | Build | Farm |
| 13:33 | Build | Farm |
| 13:33 | Build | Farm |
| 13:34 | Build | Farm |
| 13:34 | Build | Farm |
| 13:35 | Build | Farm |
| 13:44 | Build | Mining Camp |
| 13:49 | Research | Double-Bit Axe |
| 14:58 | Build | Market |
| 15:03 | Build | Blacksmith |
| 15:11 | Build | Farm |
| 15:11 | Build | Farm |
| 15:11 | Build | Farm |
| 15:13 | Build | Farm |
| 15:14 | Build | Farm |
| 15:19 | Create | Villager (Male) |
| 15:20 | Create | Villager (Male) |
| 15:20 | Create | Villager (Male) |
| 15:22 | Create | Villager (Male) |
| 15:22 | Create | Villager (Male) |
| 17:29 | Research | Castle Age |
| 18:05 | Create | Villager (Male) |
| 18:05 | Create | Villager (Male) |
| 18:05 | Create | Villager (Male) |
| 18:06 | Create | Villager (Male) |
| 19:38 | Create | Villager (Male) |
| 19:38 | Create | Villager (Male) |
| 19:49 | Create | Villager (Male) |
| 19:49 | Create | Villager (Male) |
| 19:49 | Create | Villager (Male) |
| 19:54 | Age | Castle Age |
| 20:04 | Build | Town Center |
| 20:10 | Research | Heavy Plow |
| 20:36 | Build | Mill |
| 20:38 | Build | Farm |
| 20:38 | Build | Farm |
| 20:38 | Build | Farm |
| 20:38 | Build | Farm |
| 20:39 | Build | Farm |
| 20:39 | Build | Farm |
| 20:39 | Build | Farm |
| 20:40 | Build | Farm |
| 20:51 | Create | Villager (Male) |
| 20:51 | Create | Villager (Male) |
| 20:51 | Create | Villager (Male) |
| 20:51 | Create | Villager (Male) |
| 20:52 | Create | Villager (Male) |
| 20:52 | Create | Villager (Male) |
| 21:07 | Build | Castle |
| 21:40 | Research | Wheelbarrow |
| 22:09 | Research | Fletching |
| 22:43 | Create | War Elephant |
| 23:10 | Build | Mining Camp |
| 24:25 | Research | Imperial Age |
| 24:34 | Create | Villager (Male) |
| 24:34 | Create | Villager (Male) |
| 25:06 | Build | Town Center |
| 25:12 | Build | Mill |
| 25:32 | Research | Hand Cart |
| 25:43 | Build | Farm |
| 25:43 | Build | Farm |
| 25:44 | Build | Farm |
| 25:44 | Build | Farm |
| 25:44 | Build | Farm |
| 25:44 | Build | Farm |
| 25:45 | Build | Farm |
| 25:46 | Build | Farm |
| 26:01 | Create | Villager (Male) |
| 26:02 | Create | Villager (Male) |
| 26:02 | Create | Villager (Male) |
| 26:02 | Create | Villager (Male) |
| 26:02 | Create | Villager (Male) |
| 26:03 | Create | Villager (Male) |
| 26:03 | Create | Villager (Male) |
| 26:03 | Create | Villager (Male) |
| 26:10 | Create | Villager (Male) |
| 26:12 | Create | Villager (Male) |
| 26:25 | Build | University |
| 26:40 | Create | Villager (Male) |
| 26:40 | Create | Villager (Male) |
| 26:40 | Create | Villager (Male) |
| 26:40 | Create | Villager (Male) |
| 27:04 | Create | War Elephant |
| 27:10 | Age | Imperial Age |
| 27:30 | Research | Chemistry |
| 27:39 | Create | Villager (Male) |
| 28:09 | Create | Villager (Male) |
| 28:10 | Create | Villager (Male) |
| 28:10 | Create | Villager (Male) |
| 28:10 | Create | Villager (Male) |
| 28:10 | Create | Villager (Male) |
| 28:11 | Create | Villager (Male) |
| 28:24 | Build | Siege Workshop |
| 28:26 | Build | Siege Workshop |
| 28:27 | Build | Siege Workshop |
Build order — Jotal1308
First 150 of 386 actions detected
| 0:04 | Build | House |
| 0:05 | Build | House |
| 0:31 | Create | Villager (Male) |
| 0:31 | Create | Villager (Male) |
| 0:31 | Create | Villager (Male) |
| 0:32 | Create | Villager (Male) |
| 0:32 | Create | Villager (Male) |
| 1:51 | Create | Villager (Male) |
| 2:21 | Build | Lumber Camp |
| 2:33 | Create | Villager (Male) |
| 2:40 | Create | Villager (Male) |
| 3:24 | Create | Villager (Male) |
| 3:24 | Create | Villager (Male) |
| 3:24 | Create | Villager (Male) |
| 3:25 | Create | Villager (Male) |
| 3:34 | Research | Loom |
| 3:58 | Create | Villager (Male) |
| 4:27 | Create | Villager (Male) |
| 4:28 | Create | Villager (Male) |
| 4:34 | Build | House |
| 5:12 | Build | Mill |
| 5:27 | Create | Villager (Male) |
| 5:28 | Create | Villager (Male) |
| 6:26 | Build | Lumber Camp |
| 6:28 | Create | Villager (Male) |
| 6:28 | Create | Villager (Male) |
| 7:04 | Create | Villager (Male) |
| 7:42 | Create | Villager (Male) |
| 7:46 | Build | House |
| 8:09 | Create | Villager (Male) |
| 8:15 | Research | Feudal Age |
| 9:14 | Create | Villager (Male) |
| 9:15 | Create | Villager (Male) |
| 10:25 | Age | Feudal Age |
| 10:31 | Create | Villager (Male) |
| 10:36 | Build | Farm |
| 10:37 | Build | Farm |
| 10:38 | Build | Farm |
| 10:54 | Build | Mining Camp |
| 11:00 | Create | Villager (Male) |
| 11:00 | Create | Villager (Male) |
| 11:29 | Build | House |
| 12:21 | Create | Villager (Male) |
| 12:22 | Create | Villager (Male) |
| 12:46 | Create | Villager (Male) |
| 12:47 | Create | Villager (Male) |
| 12:52 | Build | House |
| 13:37 | Build | Mining Camp |
| 13:51 | Build | Blacksmith |
| 13:55 | Create | Villager (Male) |
| 14:08 | Build | Market |
| 14:35 | Build | Farm |
| 14:36 | Create | Villager (Male) |
| 14:39 | Build | Farm |
| 14:44 | Build | Farm |
| 14:45 | Build | Farm |
| 14:46 | Build | Farm |
| 14:47 | Build | Farm |
| 14:48 | Build | Farm |
| 15:17 | Build | Farm |
| 15:21 | Research | Double-Bit Axe |
| 15:27 | Research | Castle Age |
| 16:52 | Build | House |
| 16:53 | Build | House |
| 16:53 | Build | House |
| 17:08 | Create | Villager (Male) |
| 17:08 | Create | Villager (Male) |
| 17:09 | Create | Villager (Male) |
| 17:55 | Build | Barracks |
| 18:07 | Age | Castle Age |
| 18:09 | Create | Villager (Male) |
| 18:10 | Create | Villager (Male) |
| 18:41 | Build | Town Center |
| 18:43 | Create | Villager (Male) |
| 19:07 | Build | Archery Range |
| 19:24 | Create | Villager (Male) |
| 19:25 | Create | Villager (Male) |
| 19:50 | Build | Archery Range |
| 19:55 | Build | Monastery |
| 20:26 | Create | Villager (Male) |
| 20:29 | Create | Monk |
| 20:52 | Create | Villager (Male) |
| 21:05 | Build | Archery Range |
| 21:15 | Create | Villager (Male) |
| 21:20 | Create | Villager (Male) |
| 21:20 | Create | Villager (Male) |
| 21:20 | Create | Villager (Male) |
| 21:20 | Create | Villager (Male) |
| 21:45 | Build | House |
| 21:48 | Build | House |
| 21:54 | Build | Farm |
| 21:56 | Create | Villager (Male) |
| 21:56 | Create | Villager (Male) |
| 21:59 | Create | Villager (Male) |
| 21:59 | Create | Villager (Male) |
| 22:11 | Build | Farm |
| 22:24 | Research | Gold Mining |
| 22:26 | Research | Stone Mining |
| 22:37 | Build | University |
| 22:48 | Build | Farm |
| 23:09 | Build | Archery Range |
| 23:26 | Build | House |
| 23:27 | Build | House |
| 23:27 | Build | House |
| 23:27 | Build | House |
| 23:28 | Build | House |
| 23:28 | Build | House |
| 23:28 | Build | House |
| 23:39 | Create | Villager (Male) |
| 23:39 | Create | Villager (Male) |
| 23:48 | Build | Farm |
| 23:49 | Build | Farm |
| 23:50 | Create | Villager (Male) |
| 23:50 | Create | Villager (Male) |
| 24:10 | Build | Farm |
| 24:11 | Build | Farm |
| 24:24 | Build | Castle |
| 24:47 | Build | Lumber Camp |
| 24:53 | Create | Villager (Male) |
| 24:53 | Create | Villager (Male) |
| 24:53 | Create | Villager (Male) |
| 25:55 | Build | Town Center |
| 26:08 | Research | Wheelbarrow |
| 26:09 | Research | Imperial Age |
| 26:21 | Build | House |
| 26:21 | Build | House |
| 26:21 | Build | House |
| 26:21 | Build | House |
| 27:07 | Build | Archery Range |
| 27:08 | Build | Archery Range |
| 27:10 | Build | Archery Range |
| 27:29 | Build | Archery Range |
| 27:45 | Create | Villager (Male) |
| 27:45 | Create | Villager (Male) |
| 27:46 | Create | Villager (Male) |
| 27:53 | Create | Villager (Male) |
| 27:54 | Create | Villager (Male) |
| 27:58 | Research | Bow Saw |
| 28:08 | Research | Ballistics |
| 28:54 | Build | Castle |
| 29:19 | Age | Imperial Age |
| 29:31 | Create | Trebuchet (Packed) |
| 29:32 | Create | Trebuchet (Packed) |
| 29:39 | Research | Chemistry |
| 30:06 | Create | Trade Cart |
| 30:06 | Create | Trade Cart |
| 30:06 | Create | Trade Cart |
| 30:06 | Create | Trade Cart |
| 31:12 | Create | Hand Cannoneer |
| 31:12 | Create | Hand Cannoneer |
Build order — DavidxGabriel
First 150 of 338 actions detected
| 0:11 | Create | Villager (Male) |
| 0:13 | Research | Loom |
| 0:14 | Create | Villager (Male) ×3 |
| 0:23 | Build | House |
| 0:24 | Build | House |
| 0:51 | Build | House |
| 0:52 | Build | House |
| 2:18 | Create | Villager (Male) |
| 2:28 | Create | Villager (Male) |
| 2:28 | Create | Villager (Male) |
| 2:34 | Build | House |
| 2:35 | Build | House |
| 2:35 | Build | House |
| 2:36 | Build | House |
| 3:32 | Create | Villager (Male) ×3 |
| 4:43 | Create | Villager (Male) ×2 |
| 4:43 | Create | Villager (Male) ×2 |
| 4:56 | Build | House |
| 5:33 | Build | House |
| 5:35 | Create | Villager (Male) ×2 |
| 5:35 | Create | Villager (Male) ×2 |
| 5:46 | Build | House |
| 6:25 | Build | House |
| 6:30 | Create | Villager (Male) ×2 |
| 6:30 | Create | Villager (Male) ×2 |
| 6:56 | Build | House |
| 7:12 | Create | Villager (Male) ×4 |
| 7:13 | Create | Villager (Male) ×4 |
| 7:25 | Build | Mill |
| 7:45 | Build | House |
| 7:56 | Create | Villager (Male) |
| 8:59 | Build | Lumber Camp |
| 10:08 | Build | Mill |
| 10:13 | Create | Villager (Male) ×5 |
| 10:14 | Create | Villager (Male) ×5 |
| 10:14 | Create | Villager (Male) ×5 |
| 11:17 | Build | Farm |
| 11:21 | Build | Farm |
| 11:26 | Build | Mining Camp |
| 11:57 | Build | Farm |
| 12:01 | Build | Farm |
| 12:25 | Build | Farm |
| 12:40 | Research | Feudal Age |
| 12:44 | Build | Lumber Camp |
| 13:15 | Build | Farm |
| 13:18 | Build | Mining Camp |
| 13:34 | Build | Farm |
| 13:46 | Build | Farm |
| 14:50 | Build | House |
| 14:51 | Build | House |
| 15:04 | Create | Villager (Male) |
| 15:05 | Create | Villager (Male) |
| 15:39 | Build | Barracks |
| 16:15 | Build | House |
| 16:39 | Build | Market |
| 16:44 | Build | Blacksmith |
| 16:55 | Create | Villager (Male) |
| 17:09 | Build | House |
| 17:11 | Build | House |
| 17:21 | Research | Gold Mining |
| 17:22 | Research | Double-Bit Axe |
| 17:28 | Build | Farm |
| 17:31 | Build | Farm |
| 17:58 | Research | Castle Age |
| 18:14 | Build | House |
| 18:15 | Build | House |
| 18:30 | Research | Stone Mining |
| 18:57 | Build | House |
| 19:06 | Research | Town Watch |
| 19:06 | Create | Villager (Male) |
| 19:07 | Create | Villager (Male) |
| 19:14 | Build | Lumber Camp |
| 19:21 | Build | House |
| 19:23 | Build | House |
| 19:24 | Build | House |
| 20:20 | Create | Villager (Male) |
| 20:21 | Create | Villager (Male) |
| 20:44 | Build | Siege Workshop |
| 20:47 | Research | Fletching |
| 20:52 | Build | University |
| 21:01 | Research | Gold Shaft Mining |
| 21:09 | Create | Villager (Male) |
| 21:18 | Create | Scorpion |
| 21:19 | Create | Scorpion |
| 21:30 | Build | Siege Workshop |
| 21:36 | Build | Mining Camp |
| 21:39 | Build | House |
| 21:40 | Build | House |
| 21:41 | Build | House |
| 21:42 | Build | House |
| 21:42 | Build | House |
| 21:59 | Build | Stone Wall |
| 22:02 | Create | Mangonel |
| 22:09 | Research | Fortified Wall (upgrade) |
| 22:37 | Build | Stone Wall |
| 22:40 | Build | Stone Wall |
| 22:55 | Build | Stone Wall |
| 23:01 | Create | Mangonel |
| 23:06 | Research | Town Patrol |
| 23:23 | Build | Gate |
| 23:39 | Create | Villager (Male) |
| 23:39 | Create | Villager (Male) |
| 23:40 | Create | Villager (Male) |
| 23:43 | Build | Farm |
| 24:10 | Create | Mangonel |
| 24:23 | Build | House |
| 24:32 | Create | Villager (Male) |
| 24:32 | Create | Villager (Male) |
| 24:39 | Build | Farm |
| 24:40 | Build | Farm |
| 24:41 | Build | Farm |
| 24:45 | Build | Farm |
| 25:02 | Build | Barracks |
| 25:14 | Create | Villager (Male) |
| 25:30 | Build | Castle |
| 25:37 | Build | Farm |
| 25:38 | Create | Villager (Male) |
| 25:40 | Build | Farm |
| 25:42 | Create | Villager (Male) |
| 25:48 | Build | Town Center |
| 25:55 | Research | Bow Saw |
| 25:56 | Create | Villager (Male) |
| 25:56 | Create | Villager (Male) |
| 26:13 | Build | Farm |
| 26:28 | Research | Murder Holes |
| 26:32 | Create | Villager (Male) ×2 |
| 26:36 | Build | House |
| 26:38 | Build | House |
| 27:32 | Research | Bodkin Arrow |
| 27:34 | Create | Villager (Male) |
| 27:34 | Create | Villager (Male) |
| 27:35 | Create | Villager (Male) |
| 27:35 | Create | Villager (Male) |
| 27:50 | Create | Scorpion |
| 27:53 | Create | Mangonel |
| 27:59 | Research | Squires |
| 28:03 | Create | Villager (Male) |
| 28:03 | Create | Villager (Male) |
| 28:07 | Build | Farm |
| 28:11 | Build | Farm |
| 28:12 | Build | Farm |
| 28:16 | Build | Farm |
| 28:20 | Build | Farm |
| 28:22 | Create | Villager (Male) |
| 28:22 | Create | Villager (Male) |
| 29:32 | Create | Villager (Male) |
| 29:32 | Create | Villager (Male) |
| 29:35 | Build | Farm |
| 29:41 | Create | Villager (Male) |
| 29:41 | Create | Villager (Male) |
Build order — Arcturus
First 150 of 432 actions detected
| 0:04 | Build | House |
| 0:05 | Build | House |
| 0:06 | Create | Villager (Male) |
| 0:06 | Create | Villager (Male) |
| 0:06 | Create | Villager (Male) |
| 0:29 | Create | Villager (Male) |
| 1:35 | Create | Villager (Male) |
| 1:50 | Build | Lumber Camp |
| 2:00 | Create | Villager (Male) |
| 2:34 | Create | Villager (Male) |
| 3:13 | Create | Villager (Male) |
| 3:38 | Create | Villager (Male) |
| 4:11 | Create | Villager (Male) |
| 4:12 | Create | Villager (Male) |
| 4:17 | Build | House |
| 4:35 | Build | Mill |
| 4:37 | Create | Villager (Male) |
| 5:27 | Create | Villager (Male) |
| 5:50 | Create | Villager (Male) |
| 6:20 | Create | Villager (Male) |
| 6:53 | Create | Villager (Male) |
| 7:13 | Build | House |
| 7:27 | Create | Villager (Male) |
| 7:42 | Research | Feudal Age |
| 7:46 | Create | Villager (Male) |
| 7:58 | Create | Villager (Male) |
| 8:09 | Build | House |
| 8:29 | Create | Villager (Male) |
| 8:39 | Build | House |
| 8:46 | Research | Feudal Age |
| 8:59 | Build | Lumber Camp |
| 9:56 | Create | Villager (Male) |
| 9:56 | Create | Villager (Male) |
| 10:42 | Build | Farm |
| 10:44 | Build | Farm |
| 10:55 | Build | Farm |
| 11:04 | Build | Farm |
| 11:08 | Build | Farm |
| 11:21 | Age | Feudal Age |
| 11:27 | Build | Market |
| 11:30 | Create | Villager (Male) |
| 11:50 | Create | Villager (Male) |
| 12:02 | Build | Blacksmith |
| 12:11 | Research | Double-Bit Axe |
| 12:22 | Build | Mining Camp |
| 12:24 | Create | Villager (Male) |
| 13:04 | Create | Villager (Male) |
| 13:34 | Research | Castle Age |
| 13:51 | Research | Horse Collar |
| 14:06 | Build | Farm |
| 14:12 | Build | Farm |
| 14:17 | Build | Farm |
| 14:21 | Build | Farm |
| 14:26 | Create | Villager (Male) |
| 14:41 | Build | Barracks |
| 15:09 | Research | Gold Mining |
| 15:12 | Create | Villager (Male) |
| 15:42 | Build | Stable |
| 15:53 | Create | Spearman |
| 15:53 | Create | Spearman |
| 16:04 | Build | Farm |
| 16:28 | Build | House |
| 16:31 | Age | Castle Age |
| 16:59 | Build | Stable |
| 17:01 | Create | Militia |
| 17:02 | Create | Spearman |
| 17:02 | Create | Spearman |
| 17:15 | Build | Palisade Wall |
| 17:28 | Create | Villager (Male) |
| 17:28 | Create | Villager (Male) |
| 17:33 | Create | Villager (Male) |
| 17:57 | Build | Archery Range |
| 18:03 | Create | Villager (Male) |
| 18:04 | Create | Villager (Male) |
| 18:12 | Build | Mining Camp |
| 18:13 | Create | Villager (Male) |
| 18:24 | Build | Stone Wall |
| 18:48 | Build | House |
| 18:54 | Research | Man-at-Arms (upgrade) |
| 18:59 | Create | Steppe Lancer |
| 18:59 | Create | Steppe Lancer |
| 19:05 | Build | House |
| 19:09 | Research | Stone Mining |
| 19:11 | Create | Villager (Male) |
| 19:17 | Build | House |
| 19:28 | Build | Lumber Camp |
| 19:39 | Create | Villager (Male) |
| 19:46 | Create | Skirmisher |
| 19:46 | Create | Skirmisher |
| 19:46 | Create | Skirmisher |
| 20:11 | Build | Stone Wall |
| 20:22 | Create | Villager (Male) |
| 20:26 | Build | House |
| 20:44 | Build | Archery Range |
| 20:49 | Create | Skirmisher |
| 20:50 | Create | Skirmisher |
| 21:13 | Build | Farm |
| 21:16 | Create | Villager (Male) |
| 21:20 | Research | Bow Saw |
| 21:35 | Create | Skirmisher |
| 21:35 | Create | Skirmisher |
| 21:47 | Build | Farm |
| 21:55 | Research | Padded Archer Armor |
| 22:03 | Create | Villager (Male) |
| 22:11 | Build | Archery Range |
| 22:12 | Create | Skirmisher |
| 22:13 | Create | Skirmisher |
| 22:25 | Create | Skirmisher |
| 22:25 | Create | Skirmisher |
| 22:34 | Build | Stone Wall |
| 22:56 | Create | Villager (Male) |
| 23:12 | Build | Stone Wall |
| 23:19 | Create | Villager (Male) |
| 23:30 | Build | Archery Range |
| 23:35 | Build | University |
| 23:47 | Create | Skirmisher |
| 23:48 | Create | Skirmisher |
| 23:58 | Build | Town Center |
| 24:12 | Create | Skirmisher |
| 24:12 | Create | Skirmisher |
| 24:56 | Create | Skirmisher |
| 24:56 | Create | Skirmisher |
| 25:02 | Create | Villager (Male) |
| 25:02 | Create | Villager (Male) |
| 25:06 | Research | Elite Skirmisher (upgrade) |
| 25:29 | Build | Castle |
| 25:35 | Build | Farm |
| 25:37 | Build | Farm |
| 25:39 | Build | Farm |
| 25:41 | Create | Villager (Male) |
| 25:42 | Create | Villager (Male) |
| 25:47 | Create | Villager (Male) |
| 25:47 | Create | Villager (Male) |
| 25:54 | Create | Skirmisher |
| 25:55 | Create | Skirmisher |
| 26:00 | Research | Ballistics |
| 26:07 | Create | Skirmisher |
| 26:07 | Create | Skirmisher |
| 26:23 | Create | Villager (Male) |
| 26:48 | Build | House |
| 27:00 | Build | House |
| 27:24 | Build | House |
| 27:28 | Create | Skirmisher |
| 27:32 | Create | Villager (Male) |
| 27:36 | Build | Farm |
| 27:39 | Build | Farm |
| 27:53 | Build | Siege Workshop |
| 27:57 | Build | House |
| 28:02 | Create | Skirmisher |
| 28:02 | Create | Skirmisher |
Build order — Roy
First 150 of 306 actions detected
| 0:02 | Create | Villager (Male) |
| 0:03 | Create | Villager (Male) |
| 0:03 | Create | Villager (Male) |
| 0:03 | Create | Villager (Male) |
| 0:03 | Create | Villager (Male) |
| 0:05 | Build | House |
| 0:07 | Build | House |
| 1:28 | Create | Villager (Male) |
| 1:28 | Create | Villager (Male) |
| 1:52 | Build | Lumber Camp |
| 1:53 | Create | Villager (Male) |
| 1:53 | Create | Villager (Male) |
| 2:23 | Create | Villager (Male) |
| 2:23 | Create | Villager (Male) |
| 2:55 | Create | Villager (Male) |
| 2:55 | Create | Villager (Male) |
| 3:50 | Create | Villager (Male) |
| 3:50 | Create | Villager (Male) |
| 4:13 | Build | House |
| 4:16 | Build | House |
| 4:18 | Create | Villager (Male) |
| 4:19 | Create | Villager (Male) |
| 4:26 | Build | Mill |
| 5:06 | Create | Villager (Male) |
| 5:06 | Create | Villager (Male) |
| 5:06 | Create | Villager (Male) |
| 5:07 | Create | Villager (Male) |
| 5:07 | Create | Villager (Male) |
| 5:07 | Create | Villager (Male) |
| 6:23 | Create | Villager (Male) |
| 6:23 | Create | Villager (Male) |
| 6:23 | Create | Villager (Male) |
| 6:25 | Create | Villager (Male) |
| 6:25 | Create | Villager (Male) |
| 6:26 | Create | Villager (Male) |
| 6:54 | Build | Farm |
| 6:59 | Create | Villager (Male) |
| 7:30 | Create | Villager (Male) |
| 7:30 | Create | Villager (Male) |
| 7:48 | Create | Villager (Male) |
| 8:15 | Create | Villager (Male) |
| 8:15 | Create | Villager (Male) |
| 8:32 | Create | Villager (Male) |
| 8:32 | Create | Villager (Male) |
| 9:10 | Build | Mining Camp |
| 9:24 | Research | Feudal Age |
| 9:33 | Build | Farm |
| 9:44 | Create | Villager (Male) |
| 10:13 | Create | Villager (Male) |
| 10:13 | Create | Villager (Male) |
| 10:44 | Build | House |
| 11:11 | Build | Barracks |
| 11:20 | Create | Villager (Male) |
| 11:34 | Age | Feudal Age |
| 11:54 | Build | Blacksmith |
| 12:05 | Build | Stable |
| 12:14 | Create | Villager (Male) |
| 12:40 | Build | Mining Camp |
| 12:51 | Research | Castle Age |
| 13:07 | Build | Farm |
| 13:41 | Build | Farm |
| 14:00 | Research | Loom |
| 14:40 | Create | Spearman |
| 15:31 | Age | Castle Age |
| 16:29 | Create | Villager (Male) |
| 16:29 | Create | Villager (Male) |
| 16:56 | Build | Castle |
| 17:14 | Build | Palisade Gate |
| 17:32 | Build | House |
| 17:34 | Create | Villager (Male) |
| 17:45 | Create | Villager (Male) |
| 17:53 | Build | House |
| 18:28 | Build | Mining Camp |
| 18:31 | Create | Villager (Male) |
| 18:32 | Create | Villager (Male) |
| 18:56 | Build | Lumber Camp |
| 19:12 | Create | Villager (Male) |
| 20:14 | Build | Castle |
| 20:17 | Create | Villager (Male) |
| 20:17 | Create | Villager (Male) |
| 20:29 | Create | Conquistador |
| 20:29 | Create | Conquistador |
| 20:42 | Build | Lumber Camp |
| 21:09 | Create | Villager (Male) |
| 21:09 | Create | Villager (Male) |
| 21:16 | Build | Farm |
| 21:18 | Build | Farm |
| 21:23 | Build | Farm |
| 21:24 | Build | Farm |
| 21:25 | Build | Farm |
| 21:44 | Create | Conquistador |
| 21:44 | Create | Conquistador |
| 22:06 | Create | Conquistador |
| 22:06 | Create | Conquistador |
| 22:06 | Create | Conquistador |
| 23:03 | Research | Padded Archer Armor |
| 23:08 | Create | Villager (Male) |
| 23:08 | Create | Villager (Male) |
| 23:09 | Create | Villager (Male) |
| 23:14 | Build | Farm |
| 23:16 | Build | Farm |
| 23:19 | Build | Farm |
| 23:42 | Build | Farm |
| 24:06 | Create | Villager (Male) |
| 24:13 | Build | Town Center |
| 25:16 | Build | Siege Workshop |
| 25:45 | Create | Villager (Male) |
| 25:46 | Create | Villager (Male) |
| 25:51 | Create | Villager (Male) |
| 25:51 | Create | Villager (Male) |
| 25:54 | Create | Villager (Male) |
| 25:54 | Create | Villager (Male) |
| 26:02 | Build | Farm |
| 26:05 | Build | Farm |
| 26:07 | Build | Farm |
| 26:09 | Build | Farm |
| 26:23 | Create | Mangonel |
| 26:23 | Create | Mangonel |
| 27:17 | Build | Farm |
| 27:19 | Build | Farm |
| 27:20 | Build | Farm |
| 27:21 | Build | Farm |
| 27:24 | Build | Farm |
| 27:25 | Build | Farm |
| 27:26 | Build | Farm |
| 27:30 | Build | Farm |
| 27:32 | Create | Villager (Male) |
| 27:32 | Create | Villager (Male) |
| 27:33 | Create | Villager (Male) |
| 29:08 | Create | Mangonel |
| 29:25 | Create | Villager (Male) |
| 29:25 | Create | Villager (Male) |
| 29:32 | Build | Mill |
| 29:34 | Build | Farm |
| 29:34 | Build | Farm |
| 29:35 | Build | Farm |
| 29:35 | Build | Farm |
| 29:35 | Build | Farm |
| 29:36 | Build | Farm |
| 29:36 | Build | Farm |
| 29:37 | Build | Farm |
| 29:37 | Build | Farm |
| 29:37 | Build | Farm |
| 29:39 | Create | Villager (Male) |
| 29:39 | Create | Villager (Male) |
| 30:11 | Create | Villager (Male) |
| 30:11 | Create | Villager (Male) |
| 30:26 | Create | Villager (Male) |
| 30:35 | Create | Villager (Male) |
| 30:35 | Create | Villager (Male) |
Match timeline
| 10:25 | Jotal1308 · age_up feudal |
| 10:44 | EruSan · age_up feudal |
| 11:11 | Roy · first_building Barracks |
| 11:21 | Arcturus · age_up feudal |
| 11:34 | Roy · age_up feudal |
| 11:54 | mrdava_99 · age_up feudal |
| 12:05 | Roy · first_building Stable |
| 12:11 | xandercheto · age_up feudal |
| 13:07 | mrdava_99 · first_building Barracks |
| 13:12 | God Ganesh · age_up feudal |
| 13:25 | Arcturus · first_market_sell 100 food |
| 13:32 | Arcturus · first_market_buy 100 food |
| 14:41 | Arcturus · first_building Barracks |
| 14:41 | mrdava_99 · first_building Stable |
| 15:31 | Roy · age_up castle |
| 15:31 | mrdava_99 · age_up castle |
| 15:39 | DavidxGabriel · first_building Barracks |
| 15:42 | Arcturus · first_building Stable |
| 15:51 | mrdava_99 · first_building Monastery |
| 16:01 | EruSan · age_up castle |
| 16:04 | xandercheto · age_up castle |
| 16:31 | Arcturus · age_up castle |
| 16:56 | Roy · first_building Castle |
| 17:15 | Arcturus · wall_segment Palisade Wall x8 |
| 17:55 | Jotal1308 · first_building Barracks |
| 17:57 | Arcturus · first_building Archery Range |
| 18:07 | Jotal1308 · age_up castle |
| 18:24 | Arcturus · wall_segment Stone Wall x8 |
| 19:07 | Jotal1308 · first_building Archery Range |
| 19:30 | mrdava_99 · first_building Siege Workshop |
| 19:33 | xandercheto · first_building Castle |
| 19:54 | God Ganesh · age_up castle |
| 19:55 | Jotal1308 · first_building Monastery |
| 20:11 | Arcturus · wall_segment Stone Wall x4 |
| 20:44 | DavidxGabriel · first_building Siege Workshop |
| 21:07 | God Ganesh · first_building Castle |
| 21:59 | DavidxGabriel · wall_segment Stone Wall x4 |
| 22:24 | EruSan · first_market_buy 100 food |
| 22:34 | Arcturus · wall_segment Stone Wall x1 |
| 22:37 | DavidxGabriel · wall_segment Stone Wall x1 |
| 22:40 | DavidxGabriel · wall_segment Stone Wall x1 |
| 22:55 | DavidxGabriel · wall_segment Stone Wall x1 |
| 23:12 | Arcturus · wall_segment Stone Wall x6 |
| 23:28 | xandercheto · first_building Siege Workshop |
| 23:53 | DavidxGabriel · tribute_sent a jugador 1 |
| 23:53 | DavidxGabriel · tribute_sent a jugador 2 |
| 23:53 | DavidxGabriel · tribute_sent a jugador 3 |
| 23:53 | DavidxGabriel · tribute_sent a jugador 4 |
| 23:53 | DavidxGabriel · tribute_sent a jugador 6 |
| 23:53 | DavidxGabriel · tribute_sent a jugador 7 |
| 23:53 | DavidxGabriel · tribute_sent a jugador 8 |
| 23:59 | EruSan · first_building Castle |
| 24:07 | Jotal1308 · first_market_buy 100 wood |
| 24:24 | Jotal1308 · first_building Castle |
| 24:44 | xandercheto · first_building Barracks |
| 25:16 | Roy · first_building Siege Workshop |
| 25:29 | Arcturus · first_building Castle |
| 25:30 | DavidxGabriel · first_building Castle |
| 26:36 | EruSan · first_building Barracks |
| 26:57 | xandercheto · first_market_buy 100 food |
| 27:07 | xandercheto · first_building Monastery |
| 27:10 | God Ganesh · age_up imperial |
| 27:53 | Arcturus · first_building Siege Workshop |
| 28:04 | mrdava_99 · first_market_sell 100 wood |
| 28:08 | mrdava_99 · first_market_buy 100 food |
| 28:24 | God Ganesh · first_building Siege Workshop |
| 29:19 | Jotal1308 · age_up imperial |
| 30:12 | xandercheto · age_up imperial |
| 31:09 | EruSan · first_building Siege Workshop |
| 31:38 | mrdava_99 · age_up imperial |
| 31:59 | xandercheto · first_building Archery Range |
| 34:04 | EruSan · age_up imperial |
| 34:24 | Arcturus · age_up imperial |
| 34:36 | DavidxGabriel · first_building Archery Range |
| 36:01 | God Ganesh · first_building Barracks |
| 36:09 | mrdava_99 · first_building Castle |
| 36:47 | God Ganesh · first_building Stable |
| 37:21 | Roy · age_up imperial |
| 37:22 | Roy · first_market_sell 100 wood |
| 38:20 | Roy · wall_segment Stone Wall x4 |
| 40:18 | God Ganesh · first_market_sell 500 wood |
| 40:28 | EruSan · first_market_sell 500 wood |
| 51:48 | xandercheto · tribute_sent a jugador 1 |
| 51:48 | xandercheto · tribute_sent a jugador 3 |
| 51:48 | xandercheto · tribute_sent a jugador 4 |
| 51:48 | xandercheto · tribute_sent a jugador 5 |
| 51:48 | xandercheto · tribute_sent a jugador 6 |
| 51:48 | xandercheto · tribute_sent a jugador 7 |
| 51:48 | xandercheto · tribute_sent a jugador 8 |
| 60:29 | mrdava_99 · resign |
| 61:09 | Roy · first_market_buy 100 stone |
[ AI ANALYSIS · 1 CREDIT ]
What really happened in this match?
Wolo.gg analyzes every decision: build order, eco, micro, common mistakes by bracket. Personalized analysis on WhatsApp or Discord in 30 seconds.
Civ guide
Teutons
Map guide
Arena
Perfil
Jugador #3985273